 Dungeon Crawl Stone Soup version 0.25-a0-516-g7d600cd9ad (webtiles) character file.

Game seed: 9699130864725993150, levelgen mode: deterministic

2 Forecaster the Sneak (level 1, -1/15 HPs)
             Began as a Naga Wizard on Feb 17, 2020.
             Slain by a goblin
             ... wielding a cursed -2 club
              (4 damage)
             ... on level 1 of the Dungeon.
             The game lasted 00:00:42 (131 turns).

Forecaster the Sneak (Naga Wizard)                   Turns: 131, Time: 00:00:43

Health: -1/15      AC:  1    Str:  9    XL:     1   Next: 30%
Magic:  1/4        EV: 10    Int: 18    God:
Gold:   0          SH:  0    Dex:  9    Spells: 5/6 levels left

rFire    . . .     SeeInvis +   (no weapon)
rCold    . . .     Gourm    .   (no shield)
rNeg     . . .     Faith    .   a - +0 robe
rPois    +         Spirit   .   b - +0 hat
rElec    .         Reflect  .   (no cloak)
rCorr    .         Harm     .   (no gloves)
MR       .....                  (no barding)
Stlth    ++........             (no amulet)
HPRegen  0.05/turn              (no ring)
MPRegen  0.09/turn              (no ring)

@: very slightly contaminated, very slow
A: large, see invisible, deformed body, poison resistance, slowness 2, slow
metabolism 1, spit poison 1, AC +0
a: Spit Poison


You were on level 1 of the Dungeon.
You were not hungry.

You visited 1 branch of the dungeon, and saw 1 of its levels.

Inventory:

Armour
 a - a +0 robe (worn)
 b - a +0 hat (worn)
Comestibles
 d - a ration


   Skills:
 + Level 1.7 Dodging
 + Level 3.1 Stealth
 + Level 3.0 Spellcasting
 + Level 1.0 Conjurations
   Level 1.0 Summonings
   Level 1.0 Translocations


You had 5 spell levels left.
You knew the following spells:

 Your Spells              Type           Power        Failure   Level  Hunger
a - Magic Dart            Conj           #...         11%         1    None

Your spell library contained the following spells:

 Spells                   Type           Power        Failure   Level  Hunger
 Blink                    Tloc           N/A          16%         2    ##.....
 Call Imp                 Summ           #.......     16%         2    ##.....
 Slow                     Hex            #.......     24%         2    ##.....
 Conjure Flame            Conj/Fire      #.......     36%         3    ###....
 Mephitic Cloud           Conj/Pois/Air  #.......     38%         3    ###....


Dungeon Overview and Level Annotations

Branches:
Dungeon (1/15)

Altars:


Innate Abilities, Weirdness & Mutations

You cannot wear boots.
Your serpentine skin is tough. (AC +0)
You have supernaturally acute eyesight. (SInv)
Armour fits poorly on your strangely shaped body.
Your system is resistant to poisons. (rPois)
You cover ground very slowly.
You have a slow metabolism.
You can spit poison.


Message History

Aim: a kobold You miscast Magic Dart.
You are very lightly contaminated with residual magic.
Nothing appears to happen.
A goblin comes into view. It is wielding a -2 club.
The goblin shouts!
The kobold barely misses you.
The goblin moves out of view.
You barely miss the kobold. The kobold hits you.
You closely miss the kobold. The kobold hits you but does no damage.
You barely miss the kobold. The kobold hits you.
You miss the kobold. The kobold hits you.
You barely miss the kobold. The goblin barely misses you.
The kobold closely misses you.
You closely miss the kobold. The goblin barely misses you. The kobold hits you.
You hit the kobold but do no damage. The goblin hits you but does no damage.
The kobold hits you.
* * * LOW HITPOINT WARNING * * *
You closely miss the kobold.
The goblin hits you with a cursed -2 club.
You die...

###### ####### ####....#
......####.......#
.......##..♣♣..♣♣♣♣
#.....♣♣.♣♣♣≈<♣♣♣
##.####..##♣♣≈♣♣≈≈≈♣♣P♣♣
.†......@.♣♣≈♣♣≈♣♣♣♣≈≈≈♣♣
.#.....gK#♣≈♣♣≈♣♣≈≈≈♣♣♣≈♣
....###.##♣≈♣≈♣♣≈♣♣♣♣P♣≈♣
... #.#♣♣≈♣≈♣≈♣♣≈≈≈≈♣≈♣
.. ..#♣P≈♣≈♣≈♣P≈♣♣≈♣≈P
.###♣♣≈♣≈♣≈♣♣≈P♣≈♣≈♣ .
♣≈♣≈♣♣≈≈≈♣♣≈♣≈♣ .
♣≈♣♣≈♣♣♣♣♣≈♣♣≈♣
♣♣≈♣♣≈≈≈≈≈♣♣≈♣♣


You could see a goblin and a kobold.

Vanquished Creatures
  A hobgoblin (D:1)
  A rat (D:1)
2 creatures vanquished.

Notes
Turn   | Place    | Note
-------+----------+-------------------------------------------
     0 | D:1      | Forecaster the Naga Wizard began the quest for the Orb.
     0 | D:1      | Reached XP level 1. HP: 15/15 MP: 4/4
   131 | D:1      | Slain by a goblin

Levels and vault maps discovered:
D:1:      nagdon_arrival_double_spiral, layout_loops_ring,
          chequers_serial_rivers_room_b

Action                   || total
-------------------------++-------
Melee: Unarmed           ||     8
 Cast: Magic Dart        ||     7
Armor: Robe              ||     1
Dodge: Dodged            ||     4

Table legend:
 A = Non-vault XP
 B = Vault XP
 C = Vault XP percentage of total XP
 D = Non-vault monster count
 E = Vault monster count
 F = Vault count percentage of total count
                 A         B        C        D         E       F
            +---------+---------+-------+---------+---------+-------
      Total |       3 |       0 |   0.0 |       2 |       0 |   0.0
            +---------+---------+-------+---------+---------+-------
        D:1 |       3 |       0 |   0.0 |       2 |       0 |   0.0
            +---------+---------+-------+---------+---------+-------
